 Dungeon Crawl Stone Soup version 0.27-a0-46-g34d46f0a3f (webtiles) character file.

Game seed: 1451328327975021517

1859 Borgoz the Slasher (level 9, -10/63 HPs)
             Began as a Halfling Fighter on Jan 6, 2021.
             Was an Initiate of Makhleb.
             Mangled by an ogre
             ... wielding a +0 giant club
              (22 damage)
             ... on level 7 of the Dungeon.
             The game lasted 00:08:31 (7244 turns).

Borgoz the Slasher (Halfling Fighter)               Turns: 7244, Time: 00:08:32

Health: -10/63     AC: 10    Str: 24    XL:     9   Next: 35%
Magic:  0/9        EV:  9    Int: 14    God:    Makhleb [......]
Gold:   403        SH: 14    Dex: 18    Spells: 8/8 levels left

rFire    . . .     SeeInvis .   b - +4 short sword
rCold    . . .     Faith    .   k - +2 kite shield
rNeg     . . .     Spirit   +   g - +0 scale mail
rPois    .         Reflect  .   (no helmet)
rElec    .         Harm     .   (no cloak)
rCorr    .         Rampage  .   m - +0 pair of gloves of the Bull {Int+8 Dex+2}
Will     .....     Rnd*Tele +   n - +0 pair of boots
Stlth    ..........             w - amulet of guardian spirit
HPRegen  0.20/turn              x - +6 ring of strength
MPRegen  0.11/turn              r - ring of teleportation (curse)

@: no status effects
A: small, mutation resistance 1
a: Renounce Religion


You were on level 7 of the Dungeon.
You worshipped Makhleb.
Makhleb was noncommittal.
You visited 2 branches of the dungeon, and saw 8 of its levels.

You collected 403 gold pieces.

Inventory:

Hand Weapons
 a - a +0 long sword
 b - a +4 short sword (weapon)
 p - a +0 rapier
Armour
 g - a +0 scale mail (worn)
 k - a +2 kite shield (worn)
 m - the +0 pair of gloves of the Bull (worn) {Int+8 Dex+2}
   (You found it on level 6 of the Dungeon)

   It affects your intelligence (+8).
   It affects your dexterity (+2).
 n - a +0 pair of boots (worn)
Jewellery
 r - a cursed ring of teleportation (right hand)
 w - an amulet of guardian spirit (around neck)
 x - a +6 ring of strength (left hand)
Wands
 o - a wand of flame (9)
 t - a wand of iceblast (12)
Scrolls
 e - 5 scrolls of teleportation
 f - 3 scrolls of fear
 h - 2 scrolls of identify
 j - 2 scrolls of amnesia
 l - a scroll of fog
 z - a scroll of remove curse
Potions
 c - 2 potions of ambrosia
 d - 2 potions of might
 i - 5 potions of curing
 q - a potion of brilliance
 s - a potion of lignification
 v - a potion of mutation


   Skills:
 * Level 6.7 Fighting
 * Level 6.9 Long Blades
 + Level 6.0 Armour
 + Level 6.0 Shields


You had 8 spell levels left.
You didn't know any spells.
Your spell library was empty.

Dungeon Overview and Level Annotations

Branches:
Dungeon (7/15)             Temple (1/1) D:6

Altars:
Ashenzari
Cheibriados
Dithmenos
Elyvilon
Fedhas
Gozag
Hepliaklqana
Kikubaaqudgha
Makhleb
Nemelex Xobeh
Okawaru
Qazlal
Ru
Sif Muna
Trog
Uskayaw
Vehumet
Wu Jian
Xom
Yredelemnul
Zin
The Shining One

Shops:
D:6 }((


Innate Abilities, Weirdness & Mutations

You are small and have problems with some larger weapons.
You are somewhat resistant to further mutation.


Message History

The seven-headed hydra bites you but does no damage.
The seven-headed hydra bites you. The seven-headed hydra bites you!
* * * LOW HITPOINT WARNING * * *
The seven-headed hydra closely misses you.
The seven-headed hydra bites you but does no damage.
The seven-headed hydra bites you!
* * * LOW HITPOINT WARNING * * *
As you read the scroll of fear, it crumbles to dust.
You assume a fearsome visage.
The seven-headed hydra looks frightened!
The bullfrog looks frightened!
As you read the scroll of summoning, it crumbles to dust.
Wisps of shadow whirl around you...
You feel yourself speed up.
An ogre comes into view. It is wielding a +0 giant club.
You swap places.
The seven-headed hydra seems to regain its courage.
Your orc barely misses the ogre.
You block the ogre's attack.
The ogre hits you with a +0 giant club!!
You die...

#.......####.####..##
..........⌠.....##
......####.####..#
.....###.#)#.###..#
[...###.##.##.###....
.......###.###.........
.......##.o.##.........
.......#o(#..#.........
#......@O###...>.......
#........# #####.......
#.......... ..
....O........
..............#
..............#
.DS...........#
..............#


You could see a seven-headed hydra (fleeing), an ogre, a friendly ogre
(summoned), a friendly adder (summoned) and 2 friendly orcs.

Vanquished Creatures
  Eustachio (D:5)
  An ice beast (D:5)
  2 sky beasts
  2 phantoms
  An ogre (D:5)
  A centaur (D:7)
  A bullfrog (D:6)
  A water moccasin zombie (D:5)
  4 scorpions
  A howler monkey (D:6)
  A bullfrog zombie (D:5)
  A centaur zombie (D:6)
  A bullfrog skeleton (D:5)
  2 centaur skeletons
  A hound (D:6)
  A jelly (D:7)
  3 orc priests
  An orc wizard (D:7)
  Ijyb (D:3)
  3 iguanas
  3 worker ants
  3 gnolls (D:5)
  13 adders
  2 shadow imps
  A white imp (D:6)
  An ufetubus (D:7)
  An ooze (D:2)
  An adder zombie (D:6)
  An adder skeleton (D:4)
  A worm (D:2)
  A dart slug (D:1)
  4 leopard geckos
  10 orcs
  6 giant cockroaches
  5 hobgoblins
  6 jackals
  A quokka (D:3)
  2 bats (D:2)
  8 frilled lizards
  5 goblins
  4 kobolds (D:1)
  7 rats
116 creatures vanquished.

Notes
Turn   | Place    | Note
-------+----------+-------------------------------------------
     0 | D:1      | Borgoz the Halfling Fighter began the quest for the Orb.
     0 | D:1      | Reached XP level 1. HP: 15/15 MP: 1/1
   126 | D:1      | Reached XP level 2. HP: 18/20 MP: 2/2
   668 | D:2      | Reached XP level 3. HP: 24/26 MP: 3/3
  1172 | D:2      | Reached XP level 4. HP: 31/31 MP: 4/4
  1929 | D:3      | Reached XP level 5. HP: 36/36 MP: 5/5
  2210 | D:3      | Noticed Ijyb
  2218 | D:3      | Killed Ijyb
  2221 | D:3      | Found a hide-covered altar of Uskayaw.
  2644 | D:4      | Noticed a phantom
  2678 | D:4      | Killed a phantom
  2679 | D:4      | Reached XP level 6. HP: 31/43 MP: 6/6
  3133 | D:4      | Reached XP level 7. HP: 22/49 MP: 7/7
  3787 | D:5      | Entered Level 5 of the Dungeon
  3991 | D:5      | Found a snail-covered altar of Cheibriados.
  4877 | D:5      | Reached skill level 5 in Fighting
  4891 | D:5      | Reached skill level 5 in Long Blades
  4891 | D:5      | Reached XP level 8. HP: 30/55 MP: 6/8
  5331 | D:5      | Reached skill level 5 in Shields
  5341 | D:5      | Reached skill level 5 in Armour
  5758 | D:6      | Got a pair of dazzling gloves
  5790 | D:6      | Noticed Eustachio
  6152 | D:5      | Killed Eustachio
  6153 | D:5      | Reached XP level 9. HP: 47/63 MP: 7/9
  6256 | D:6      | Identified the +0 pair of gloves of the Bull {Int+8 Dex+2}
                  | (You found it on level 6 of the Dungeon)
  6414 | D:6      | Found a staircase to the Ecumenical Temple.
  6428 | Temple   | Entered the Ecumenical Temple
  6624 | Temple   | Became a worshipper of Makhleb the Destroyer
  6759 | D:6      | Found Jeclen's Gadget Shoppe.
  6783 | D:6      | Found Locuumij's Weapon Boutique.
  6890 | D:6      | Found Olluefel's Weapon Shoppe.
  7204 | D:7      | Noticed a seven-headed hydra
  7244 | D:7      | Mangled by an ogre

Illustrated notes

Levels and vault maps discovered:
D:1:      dpeg_arrival_shrine, layout_basic
D:2:      layout_rooms
D:3:      layout_basic, eat_drink_and_be_merry_uskayaw, uniq_ijyb
D:4:      layout_loops_ring, nrook_mini_vaults
D:5:      minmay_recursive_quarters, layout_basic, serial_bayou_pond_a,
          serial_bayou_pond_a, cheibriados_altar_1
D:6:      layout_rooms, minmay_temple_entry_proselytizer, serial_shops, shop,
          nicolae_shop_trees, shop, uniq_eustachio
D:7:      layout_basic, kb_rosetta, uniq_maggie
Temple:   kilobyte_greek_temple

Skill      XL: |  1  2  3  4  5  6  7  8  9 |
---------------+----------------------------+-----
Fighting       | 3 4 5 6 |  6.7
Long Blades    | 3 4 5 6 |  6.9
Shields        | 4 5 6 |  6.0
Armour         | 4 5 6 |  6.0

Action                   |  1- 3 |  4- 6 |  7- 9 || total
-------------------------+-------+-------+-------++-------
Melee: Long sword        |    99 |   192 |   304 ||   595
       Short sword       |       |       |     5 ||     5
Throw: Throwing net      |       |       |     1 ||     1
Evoke: Wand              |       |       |     1 ||     1
  Use: Scroll            |       |       |    18 ||    18
       Potion            |       |       |     2 ||     2
 Stab: Held in net/web   |       |       |     1 ||     1
Armor: Scale mail        |    40 |    70 |   101 ||   211
Dodge: Dodged            |    38 |    66 |   121 ||   225
Block: Kite shield       |    61 |   118 |   224 ||   403
       Rpst.: Long sword |    14 |    15 |    33 ||    62

Table legend: (Time is in decaauts)
 A = Elapsed time spent in this place.
 B = Non-inter-level travel time spent in this place.
 C = Inter-level travel time spent in this place.
 D = Time resting spent in this place.
 E = Time spent auto-exploring this place.
 F = Levels seen in this place.
 G = Mean time per level.
                   A        B        C        D        E       F      G
               +--------+--------+--------+--------+--------+-----+--------+
         Total |   7417 |   7197 |    220 |   1501 |   4423 |   8 |  927.1 |
       Dungeon |   7180 |   7027 |    153 |   1501 |   4289 |   7 | 1025.7 |
        Temple |    236 |    169 |     67 |      0 |    134 |   1 |  236.0 |
               +--------+--------+--------+--------+--------+-----+--------+

Top non-repeatable levels by time:
     D:5: 2179 daAuts
     D:4: 1415 daAuts
     D:1: 931 daAuts
     D:3: 902 daAuts
     D:6: 814 daAuts
     D:2: 704 daAuts
  Temple: 236 daAuts
     D:7: 231 daAuts
